 Dungeon Sprint DCSS version 0.22-a0-136-g83a10e5898 (webtiles) character file.

30 Denreik the Skirmisher (level 3, -1/36 HPs)
             Began as a Formicid Skald on Feb 2, 2018.
             Succumbed to a scorpion's poison
             ... in the Dungeon (Sprint IX: "|||||||||||||||||||||||||||||").
             The game lasted 00:00:45 (186 turns).

Denreik the Skirmisher (Formicid Skald)              Turns: 186, Time: 00:00:46

Health: -1/36      AC:  3    Str: 15    XL:     3   Next: 37%
Magic:  1/6        EV: 11    Int: 12    God:
Gold:   0          SH:  0    Dex: 11    Spells: 5/6 levels left

rFire    . . .     SeeInvis +   a - +0 mace
rCold    . . .     Gourm    .   (no shield)
rNeg     . . .     Faith    .   b - +0 leather armour
rPois    .         Spirit   .   (helmet unavailable)
rElec    .         Reflect  .   (no cloak)
rCorr    .         Harm     .   (no gloves)
MR       .....                  (no boots)
Stlth    +.........             (no amulet)
HPRegen  0.12/turn              (no ring)
MPRegen  0.10/turn              (no ring)

@: lethally poisoned (-1 -> -19), infused
A: permanent stasis, dig shafts and tunnels, four strong arms, antennae 3
a: Dig


You were in the Dungeon.
You were not hungry.

You visited 1 branch

Inventory:

Hand Weapons
 a - a +0 mace (weapon)
Missiles
 l - 4 stones (quivered)
Armour
 b - a +0 leather armour (worn)
Scrolls
 j - a scroll of blinking
Potions
 e - a potion of curing
 f - a potion of heal wounds
 g - a potion of haste
 h - 2 potions of magic
 i - a potion of berserk rage
Books
 c - a book of Battle

   Spells                             Type                      Level
   a - Infusion                       Charms                       1
   b - Shroud of Golubria             Charms/Translocation         2
   c - Song of Slaying                Charms                       2
   d - Spectral Weapon                Hexes/Charms                 3
   e - Regeneration                   Charms/Necromancy            3
Comestibles
 d - a ration
 k - 6 chunks of flesh


   Skills:
 * Level 7.0 Fighting
 - Level 2.0 Maces & Flails
 - Level 1.1 Armour
 - Level 1.7 Dodging
 - Level 2.1 Spellcasting
 - Level 3.0 Charms


You had 5 spell levels left.
You knew the following spells:

 Your Spells              Type           Power        Failure   Level  Hunger
a - Infusion              Chrm           #...         10%         1    ##.....


Dungeon Overview and Level Annotations

Branches:
Dungeon (1/1)

Altars:


Innate Abilities, Weirdness & Mutations

You cannot be hasted, slowed, berserked, paralysed or teleported.
You can dig through walls and to a lower floor.
Your four strong arms can wield two-handed weapons with a shield.
You have a pair of large antennae on your head. (SInv)


Message History

Your Fighting skill gained 3 levels and is now at level 7!
You have reached level 2!
You have reached level 3!
Your experience leads to an increase in your attributes!
Increase (S)trength, (I)ntelligence, or (D)exterity?
You feel agile.
The crimson imp hits you but does no damage.
You closely miss the crimson imp. The scorpion barely misses you.
The crimson imp hits you but does no damage.
The scorpion stings you.
You are poisoned.
The scorpion poisons you!
You closely miss the crimson imp.
You feel sick. The crimson imp hits you.
* * * LOW HITPOINT WARNING * * *
The scorpion stings you!
* * * LOW HITPOINT WARNING * * *
You are more poisoned.
The scorpion poisons you!
You barely miss the crimson imp.
You die... { ▓▓▓▓▓▓▓▓▓▓▓▓▓▓▓▓▓▓ ▓<...').5@ssO....+ ▓▓▓▓▓▓▓▓▓▓▓▓▓▓▓▓▓▓

You could see an ogre, 2 scorpions and a crimson imp.

Vanquished Creatures
  An iguana (D)
  A goblin (D)
  2 hobgoblins (D)
  A ball python (D)
  A kobold (D)
6 creatures vanquished.

Notes
Turn   | Place    | Note
-------+----------+-------------------------------------------
     0 | D        | Denreik the Formicid Skald began the quest for the Orb.
     0 | D        | Reached XP level 1. HP: 16/16 MP: 3/3
     7 | D        | Reached skill level 3 in Fighting
    20 | D        | Reached skill level 4 in Fighting
   177 | D        | Noticed an iguana
   177 | D        | Noticed a crimson imp
   177 | D        | Noticed a scorpion
   177 | D        | Noticed a scorpion
   177 | D        | Noticed an ogre
   182 | D        | Killed an iguana
   182 | D        | Reached skill level 7 in Fighting
   182 | D        | Reached XP level 2. HP: 11/31 MP: 0/5
   182 | D        | Reached XP level 3. HP: 13/36 MP: 0/6
   185 | D        | HP: 1/36 [scorpion (8)]
   186 | D        | Succumbed to a scorpion's poison

Vault maps used:
D:        linesprint

Skill      XL: |  1 |
---------------+----+-----
Fighting       | 7 |  7.0
Maces & Flails | |  2.0
Armour         | |  1.1
Dodging        | |  1.7
Spellcasting   | |  2.1
Charms         | |  3.0

Action                   || total
-------------------------++-------
Melee: Mace              ||    26
 Cast: Infusion          ||     2
Armor: Leather armour    ||     9
Dodge: Dodged            ||    11

Table legend:
 A = Spawn XP
 B = Non-spawn XP
 C = Spawn XP percentage of total XP
 D = Spawn monster count
 E = Non-spawn monster count
 F = Spawn count percentage of total count
 G = Total turns spent on level
                    A         B        C        D         E        F      G
               +---------+---------+-------+---------+---------+-------+---------
         Total |       0 |      44 |   0.0 |       0 |       6 |   0.0 |   186
               +---------+---------+-------+---------+---------+-------+---------
             D |       0 |      44 |   0.0 |       0 |       6 |   0.0 |   186
               +---------+---------+-------+---------+---------+-------+---------
